 Dungeon Crawl Stone Soup version 0.29-a0-221-gceb61267dd (webtiles) character file.

Game seed: 10338102328387086496

0 n8rtot the Firebug (level 1, 0/18 HPs)
             Began as a Human Cinder Acolyte on Feb 27, 2022.
             Was a High Priest of Ignis.
             Slain by a bat (1 damage)
             ... on level 1 of the Dungeon.
             The game lasted 00:01:33 (120 turns).

n8rtot the Firebug (Human Cinder Acolyte)            Turns: 120, Time: 00:01:34

Health: 0/18       AC:  2    Str: 14    XL:     1   Next: 11%
Magic:  2/2        EV:  8    Int: 14    God:    Ignis [*****.]
Gold:   0          SH:  0    Dex:  8    Spells: 2/2 levels left

rFire   + . .      SeeInvis .   a - -1 falchion (flame)
rCold   . . .      Faith    .   (no shield)
rNeg    . . .      Spirit   .   b - +0 robe
rPois   .          Reflect  .   (no helmet)
rElec   .          Harm     .   (no cloak)
rCorr   .          Rampage  .   (no gloves)
Will    .....                   (no boots)
Stlth   +.........              (no amulet)
HPRegen 0.06/turn               (no ring)
MPRegen 0.08/turn               (no ring)

@: constricted
A: no striking features
a: Renounce Religion, Fiery Armour, Foxfire Swarm, Rising Flame


You were on level 1 of the Dungeon.
You worshipped Ignis.
Ignis was extremely pleased with you.
You visited 1 branch of the dungeon, and saw 1 of its levels.

Inventory:

Hand Weapons
 a - a -1 falchion of flaming (weapon)
Missiles
 c - 26 stones (quivered)
Armour
 b - a +0 robe (worn)


   Skills:
 + Level 3.0 Fighting
 + Level 3.0 Long Blades
 + Level 1.0 Spellcasting
 + Level 3.0 Fire Magic


You had 2 spell levels left.
You didn't know any spells.
Your spell library contained the following spells:

 Spells                   Type           Power      Damage    Failure   Level
 Scorch                   Fire           18%        2d6       12%         2


Dungeon Overview and Level Annotations

Branches:
Dungeon (1/15)

Altars:

Shops:
D:1 *


Message History

The ball python constricts you. The bat hits you but does no damage.
The ball python bites you but does no damage.
The ball python constricts you.
You closely miss the bat. The bat hits you but does no damage.
The bat barely misses you. The ball python closely misses you.
The ball python constricts you.
There are monsters nearby!
There are monsters nearby!
There are monsters nearby!
You closely miss the ball python. The bat hits you but does no damage. x2
The ball python barely misses you. The ball python constricts you.
You closely miss the ball python. The bat hits you but does no damage.
The ball python barely misses you. The ball python constricts you.
The bat barely misses you.
The ball python bites you but does no damage.
The ball python constricts you.
You closely miss the ball python. The bat hits you.
The bat hits you but does no damage. The ball python closely misses you.
The ball python constricts you. The bat hits you but does no damage.
You closely miss the ball python. The bat hits you but does no damage.
The ball python barely misses you. The ball python constricts you.
The bat hits you. The ball python closely misses you.
The ball python constricts you.
You closely miss the ball python. The bat misses you.
The ball python bites you.
* * * LOW HITPOINT WARNING * * *
The ball python constricts you.
You hit the ball python. You burn the ball python.
The ball python is severely wounded.
The bat hits you but does no damage. x2; The ball python closely misses you.
The ball python constricts you. The bat barely misses you.
You barely miss the ball python.
The ball python is severely wounded.
The bat hits you but does no damage. The bat barely misses you.
The ball python bites you.
* * * LOW HITPOINT WARNING * * *
The ball python constricts you.
* * * LOW HITPOINT WARNING * * *
The bat hits you.
You die...

#. #.# # #.####
####. #...###
###...#
###...###...###
##.......##
###.<.### ####
##.......##
#@b###...###...###
...#####S##...###
###...#
.......gK#.####..
####.
...###....##.....
# #.......#
###....## #......#
#.#......#
#.....##.#


You could see a goblin, a bat, a ball python and a kobold.

Vanquished Creatures
  A bat (D:1)
1 creature vanquished.

Notes
Turn   | Place    | Note
-------+----------+-------------------------------------------
     0 | D:1      | n8rtot the Human Cinder Acolyte began the quest for the
                  | Orb.
     0 | D:1      | Reached XP level 1. HP: 18/18 MP: 2/2
    90 | D:1      | Found Hifaikh's General Store.
   120 | D:1      | Slain by a bat

Illustrated notes

Levels and vault maps discovered:
D:1:      dpeg_arrival_simpleton_a, layout_loops_ring, basic_ecumenical_altar,
          serial_shops, nicolae_shop_stone

Action                   || total
-------------------------++-------
Melee: Falchion          ||    15
Armor: Robe              ||    19
Dodge: Dodged            ||    33

Table legend: (Time is in decaauts)
 A = Elapsed time spent in this place.
 B = Non-inter-level travel time spent in this place.
 C = Inter-level travel time spent in this place.
 D = Time resting spent in this place.
 E = Time spent auto-exploring this place.
 F = Levels seen in this place.
 G = Mean time per level.
                   A        B        C        D        E       F      G
               +--------+--------+--------+--------+--------+-----+--------+
         Total |    122 |    122 |      0 |      0 |      0 |   1 |  122.0 |
       Dungeon |    122 |    122 |      0 |      0 |      0 |   1 |  122.0 |
               +--------+--------+--------+--------+--------+-----+--------+

Top non-repeatable levels by time:
     D:1: 122 daAuts
